 Dungeon Crawl Stone Soup version 0.16-a0-3472-g5ce0ac0 (webtiles) character file.

5419 Charly the Thaumaturge (level 10, -1/48 (50) HPs)
             Began as a Deep Elf Wizard on Jan 3, 2015.
             Was a Priest of Sif Muna.
             Shot with an arrow of flame by a minotaur (7 damage)
             ... in a labyrinth.
             The game lasted 01:17:43 (4492 turns).

Charly the Thaumaturge (Deep Elf Wizard)            Turns: 4492, Time: 01:17:43

HP:   -1/48 (50)    AC: 14    Str:  6    XL:     10   Next: 40%
MP:   17/34         EV: 12    Int: 27    God:    Sif Muna [***...]
Gold: 0             SH:  0    Dex: 13    Spells: 7 memorised, 21 levels left

rFire  . . .     SeeInvis .     b - +0 mace (protect)
rCold  . . .     Clarity  .     j - +0 robe
rNeg   . . .     SustAb   .     (no shield)
rPois  .         Gourm    .     I - +2 helmet of the Blacksmith {MR++}
rElec  .         Spirit   .     l - +0 cloak
rCorr  .         Warding  .     (no gloves)
rMut   .         Stasis   .     C - +0 pair of boots
MR     +++..                    (no amulet)
Stlth  ++........               (no ring)
                                p - +2 ring of protection

@: extremely resistant to hostile enchantments, unstealthy
A: strong 1
a: Channel Energy, Forget Spell, Renounce Religion


You were in a labyrinth.
You worshipped Sif Muna.
Sif Muna was most pleased with you.
You were hungry.

You visited 2 branches of the dungeon, and saw 12 of its levels.
You also visited: Labyrinth.

You collected 328 gold pieces.
You spent 328 gold pieces at shops.

Inventory:

Hand weapons
 a - a +2 blowgun
 b - a +0 mace of protection (weapon)
Missiles
 o - 3 throwing nets (quivered)
 B - a poisoned needle
Armour
 j - a +0 robe (worn)
 l - a +0 cloak (worn)
 C - a +0 pair of boots (worn)
 I - the +2 helmet of the Blacksmith (worn) {MR++}
   (You bought it in a shop on level 11 of the Dungeon)

   It affects your resistance to hostile enchantments.
Jewellery
 i - an uncursed amulet of stasis
 p - a +2 ring of protection (left hand)
Magical devices
 m - a wand of flame (36)
 n - a wand of magic darts (33)
 A - a wand of polymorph (10)
Scrolls
 f - 2 scrolls of recharging
 h - a scroll of teleportation
 k - a scroll of random uselessness {unknown}
 y - a scroll of enchant armour
 G - a scroll of summoning {unknown}
Potions
 c - a potion of lignification
 e - a potion of berserk rage
 g - a potion of cancellation
 q - a potion of flight
 t - a potion of haste {unknown}
 u - 2 potions of might
 x - a potion of restore abilities {unknown}
 z - 2 potions of magic
Books
 v - a book of Geomancy

   Spells                             Type                      Level
   a - Sandblast                      Earth                        1
   b - Stoneskin                      Transmutation/Earth          2
   c - Passwall                       Transmutation/Earth          3
   d - Stone Arrow                    Conjuration/Earth            3
   e - Petrify                        Transmutation/Earth          4
   f - Lee's Rapid Deconstruction     Earth                        5
Comestibles
 d - 9 bread rations
 w - 6 meat rations
 E - a royal jelly


   Skills:
 - Level 2.4 Dodging
 - Level 2.4 Stealth
 + Level 14.2 Spellcasting
 - Level 4.5 Conjurations
 - Level 1.1 Summonings
 - Level 1.1 Translocations
 * Level 11.0 Invocations


You had 21 spell levels left.
You knew the following spells:

 Your Spells              Type           Power        Failure   Level  Hunger
a - Stone Arrow           Conj/Erth      ####..       3%          3    None
b - Blink                 Tloc           N/A          2%          2    None
d - Magic Dart            Conj           ####         1%          1    None
i - Call Imp              Summ           ####....     2%          2    None
m - Mephitic Cloud        Conj/Pois/Air  ####....     4%          3    None
p - Passwall              Trmt/Erth      ###.......   10%         3    None
r - Repel Missiles        Chrm/Air       ###...       4%          2    None


Dungeon Overview and Level Annotations

Branches:
Dungeon (11/15)            Temple (1/1) D:4
   Lair: D:8-11         Orc: D:9-12

Altars:
Elyvilon
Fedhas
Gozag
Makhleb
Okawaru
Ru
Sif Muna
Trog
Xom

Shops:
D:8 (   D:11 [

Annotations:
D:3 Tyryt0's ghost, average DsFi
D:8 Tyryt0's ghost, experienced DsFi


Innate Abilities, Weirdness & Mutations

Your muscles are strong. (Str +2)


Message History

You channel some magical energy.
You feel somewhat more hungry.
Casting: Stone Arrow
Confirm with . or Enter, or press ? or * to list all spells.
Okay, then.
Use which ability? (? or * to list)
You channel some magical energy.
You feel somewhat more hungry.
Use which ability? (? or * to list)
You channel some magical energy.
You are feeling hungry.
Eat which item? (? for menu, Esc to quit)
Okay, then.
Drink which item? (? for menu, Esc to quit)
Okay, then.
Use which ability? (? or * to list)
You channel some magical energy.
You feel somewhat more hungry.
The minotaur seems less confused.
The minotaur unwields an uncursed battleaxe.
The minotaur wields an uncursed shortbow of evasion.
The minotaur shoots an arrow of flame.
The arrow of flame hits you!
You die...

#...# ### # #..
#... .# ## .## ..
#.#.# ###.# ## #
###. ...# #... .
...
#######.#####.#.###
# #....@.........
....
###..#########.####
# ....H % | # .# .
#####. . . H .# ###
.( #. ..# # # .##
#.. . . ... ..# #
#. . ## # .. .


You could see a minotaur.

Vanquished Creatures
  A hill giant (D:10)
  A gargoyle (Lab)
  A kobold demonologist (D:6)
  A centaur skeleton (D:11)
  A merfolk (D:11)
  Prince Ribbit (D:4)
  A trapdoor spider (shapeshifter) (D:11)
  4 yaks (D:11)
  A deep elf mage (D:10)
  2 wyverns (D:10)
  A steam dragon (D:8)
  Edmund (D:4)
  A water moccasin (D:6)
  A phantom (D:6)
  4 orc warriors
  A black bear (D:9)
  4 centaurs
  An ogre (D:7)
  5 giant frogs
  7 killer bees
  A goliath beetle (D:9)
  An iguana (D:6)
  A quasit (D:6)
  A crimson imp (D:10)
  4 orc priests
  A hound (D:7)
  A jelly (D:8)
  3 worker ants
  4 orc wizards
  A hound zombie (D:10)
  An adder (D:4)
  3 gnolls (D:6)
  A shadow imp (D:7)
  3 giant geckos
  24 orcs
  10 bats
  3 giant cockroaches
  8 hobgoblins
  3 quokkas
  3 giant newts
  3 giant spores
  8 goblins
  A jackal skeleton (D:4)
  16 kobolds
  An orc zombie (D:9)
  13 rats
159 creatures vanquished.

Vanquished Creatures (collateral kills)
  2 centaur skeletons (D:10)
  2 necrophages
  A scorpion (D:8)
  3 killer bees (D:10)
  A giant frog skeleton (D:9)
  A hound (D:11)
  An adder (D:2)
  A shadow imp (D:9)
  2 orcs (D:9)
  A giant cockroach (D:2)
  A quokka (D:2)
16 creatures vanquished.

Vanquished Creatures (others)
  A centaur (D:6)
  A killer bee (D:10)
  9 crimson imps
  An iron imp (D:10)
  7 white imps
  A giant spore (D:8)
20 creatures vanquished.

Grand Total: 195 creatures vanquished

Notes
Turn   | Place    | Note
--------------------------------------------------------------
     0 | D:1      | Charly, the Deep Elf Wizard, began the quest for the Orb.
     0 | D:1      | Reached XP level 1. HP: 10/10 MP: 6/6
   121 | D:1      | Reached skill level 5 in Spellcasting
   168 | D:1      | Reached XP level 2. HP: 4/15 MP: 0/11
   191 | D:2      | Learned a level 2 spell: Blink
   194 | D:2      | Learned a level 2 spell: Call Imp
   197 | D:2      | Learned a level 2 spell: Repel Missiles
   252 | D:2      | Found a burning altar of Makhleb.
   465 | D:2      | Found a bloodstained altar of Trog.
   534 | D:3      | Noticed Tyryt0's ghost (average DsFi)
   567 | D:3      | Reached XP level 3. HP: 19/19 MP: 8/14
   572 | D:3      | Learned a level 3 spell: Mephitic Cloud
   613 | D:3      | Reached skill level 6 in Spellcasting
   780 | D:4      | Reached XP level 4. HP: 21/24 MP: 10/18
   812 | D:4      | Noticed Edmund
   827 | D:4      | Killed Edmund
   827 | D:4      | Reached skill level 7 in Spellcasting
   827 | D:4      | Reached XP level 5. HP: 28/28 MP: 7/22
   886 | D:4      | Reached skill level 8 in Spellcasting
   909 | D:4      | Noticed Prince Ribbit
   932 | D:4      | Killed Prince Ribbit
   932 | D:4      | Reached skill level 9 in Spellcasting
   932 | D:4      | Reached XP level 6. HP: 32/32 MP: 13/25
   950 | D:4      | Found a staircase to the Ecumenical Temple.
   961 | Temple   | Entered the Ecumenical Temple
  1008 | Temple   | Became a worshipper of Sif Muna the Loreminder
  1075 | D:5      | Entered Level 5 of the Dungeon
  1085 | D:5      | Found a blossoming altar of Fedhas.
  1149 | D:6      | Noticed a kobold demonologist
  1151 | D:6      | Noticed a sixfirhy
  1152 | D:6      | Reached skill level 10 in Spellcasting
  1152 | D:6      | Reached XP level 7. HP: 32/36 MP: 15/28
  1154 | D:6      | Noticed a rust devil
  1154 | D:6      | Noticed a sun demon
  1303 | D:6      | Acquired Sif Muna's first power
  1320 | D:6      | Found a shimmering altar of Xom.
  1345 | D:6      | Killed a kobold demonologist
  1345 | D:6      | Reached skill level 11 in Spellcasting
  1406 | D:6      | Noticed a water moccasin
  1442 | D:6      | Killed a water moccasin
  1442 | D:6      | Reached skill level 1 in Invocations
  1442 | D:6      | Reached XP level 8. HP: 31/41 MP: 2/30
  1669 | D:8      | You fall through a shaft!
  1747 | D:9      | Identified a scroll of acquirement
  1764 | D:9      | Found a bloodstained altar of Trog.
  1855 | D:8      | Reached skill level 12 in Spellcasting
  1897 | D:8      | Reached skill level 5 in Invocations
  2034 | D:8      | Acquired Sif Muna's second power
  2100 | D:8      | Noticed Tyryt0's ghost (experienced DsFi)
  2280 | D:8      | Reached XP level 9. HP: 29/43 MP: 24/32
  2299 | D:8      | Found Mnompine's Antique Weapon Emporium.
  2599 | D:10     | Entered Level 10 of the Dungeon
  2654 | D:10     | Noticed a gargoyle
  2665 | D:9      | Learned a level 3 spell: Stone Arrow
  2775 | D:10     | Noticed a gargoyle
  2954 | D:10     | Noticed a centaur skeleton
  3180 | D:10     | Killed a centaur skeleton
  3180 | D:10     | Reached skill level 13 in Spellcasting
  3437 | D:10     | Noticed a hill giant
  3460 | D:10     | Killed a hill giant
  3673 | D:11     | Reached XP level 10. HP: 48/48 MP: 24/34
  3677 | D:11     | Noticed a harpy
  3692 | D:11     | a harpy changed into a trapdoor spider
  3700 | D:11     | Reached skill level 10 in Invocations
  3718 | D:11     | Noticed a centaur skeleton
  3724 | D:11     | Killed a centaur skeleton
  3752 | D:11     | Found Sonefare's Armour Shop.
  3776 | D:11     | Reached skill level 14 in Spellcasting
  3848 | D:11     | Learned a level 3 spell: Passwall
  3907 | D:11     | Bought the +2 helmet of the Blacksmith {MR++} for 328 gold pieces
  3921 | D:11     | Gained mutation: Your muscles are strong. (Str +2) [potion of beneficial mutation]
  3977 | D:11     | Found a labyrinth entrance.
  3987 | Lab      | Entered a labyrinth
  4415 | Lab      | Noticed a minotaur
  4492 | Lab      | Shot with an arrow of flame by a minotaur

Action                   |  1- 3 |  4- 6 |  7- 9 | 10-12 || total
-------------------------+-------+-------+-------+-------++-------
Melee: Unarmed           |     7 |       |       |       ||     7
 Fire: Blowgun           |     5 |    20 |    32 |     1 ||    58
Throw: Throwing net      |       |       |     3 |       ||     3
 Cast: Magic Dart        |    71 |    27 |   247 |    17 ||   362
       Call Imp          |     2 |       |    53 |     4 ||    59
       Blink             |     1 |       |    26 |       ||    27
       Mephitic Cloud    |       |     5 |    37 |    13 ||    55
       Repel Missiles    |       |       |     3 |     1 ||     4
       Stone Arrow       |       |       |     5 |    37 ||    42
       Passwall          |       |       |       |     3 ||     3
Invok: Channel Energy    |       |       |    45 |    29 ||    74
Evoke: Wand              |       |       |       |     3 ||     3
  Use: Scroll            |     3 |       |    13 |     3 ||    19
       Potion            |       |       |     2 |     1 ||     3
 Stab: Sleeping          |     3 |     1 |       |       ||     4
       Confused          |       |     1 |     1 |       ||     2
  Eat: Chunk             |       |       |     9 |     4 ||    13
       Meat ration       |       |       |     1 |       ||     1
       Beef jerky        |       |       |     1 |       ||     1
       Pizza             |       |       |       |     1 ||     1
